 Dungeon Crawl Stone Soup version 0.18.1-48-g4cf74bf (webtiles) character file.

82 Jerry the Digger (level 4, 0/33 HPs)
             Began as a Demigod Earth Elementalist on Aug 6, 2016.
             Succumbed to an adder's poison
             ... on level 2 of the Dungeon.
             The game lasted 00:07:59 (2117 turns).

Jerry the Digger (Demigod Earth Elementalist)       Turns: 2117, Time: 00:07:59

Health: 0/33       AC:  2    Str: 11    XL:     4   Next: 1%
Magic:  9/9        EV: 18    Int: 21    God:
Gold:   104        SH:  0    Dex: 21    Spells: 2 memorised, 2 levels left

rFire  . . .     SeeInvis .     j - +2 falchion (freeze)
rCold  . . .     Gourm    .     a - +0 robe
rNeg   . . .     Faith    .     (no shield)
rPois  .         Spirit   .     (no helmet)
rElec  .         Dismiss  .     (no cloak)
rCorr  .         Reflect  .     (no gloves)
SustAt +         Harm     .     (no boots)
MR     .....                    (no amulet)
Stlth  +++.......               (no ring)
                                (no ring)

@: agile, lethally poisoned (0 -> -3), not resistant to hostile enchantments,
fairly stealthy
A: high mp 1, sustain attributes
a: no special abilities


You were on level 2 of the Dungeon.
You were not hungry.

You visited 1 branch of the dungeon, and saw 3 of its levels.

You collected 104 gold pieces.

Inventory:

Hand Weapons
 j - a +2 falchion of freezing (weapon)
Missiles
 b - 93 stones (quivered)
Armour
 a - a +0 robe (worn)
Scrolls
 e - a scroll of identify
 f - a scroll of enchant weapon
 l - a scroll of magic mapping {unknown}
 m - a scroll of remove curse {unknown}
Books
 c - a book of Geomancy

   Spells                             Type                      Level
   a - Sandblast                      Earth                        1
   b - Passwall                       Transmutation/Earth          2
   c - Stone Arrow                    Conjuration/Earth            3
   d - Petrify                        Transmutation/Earth          4
   e - Lee's Rapid Deconstruction     Earth                        5
Comestibles
 d - a bread ration
 i - a chunk of flesh
 k - a beef jerky
 n - 2 slices of pizza


   Skills:
 - Level 1.7 Dodging
 - Level 1.7 Stealth
 - Level 1.7 Spellcasting
 + Level 1.0 Conjurations
   Level 0.8 Transmutations
 + Level 4.4 Earth Magic


You had 2 spell levels left.
You knew the following spells:

 Your Spells              Type           Power        Failure   Level  Hunger
a - Sandblast             Erth           ###...       2%          1    #......
b - Stone Arrow           Conj/Erth      ##....       17%         3    ###....


Dungeon Overview and Level Annotations

Branches:
Dungeon (3/15)


Innate Abilities, Weirdness & Mutations

You have an increased reservoir of magic (+10% MP).
Your attributes are resistant to harm.


Message History

You hit the adder. You freeze the adder.
You kill the adder!
Your Conjurations skill increases to level 1!
You have reached level 4!
The rat barely misses you.
You slash the rat! You freeze the rat.
You kill the rat!
* * * LOW HITPOINT WARNING * * *
You feel sick.
You aren't carrying any potions.
Read which item? (? for menu, Esc to quit)
As you read the scroll labeled WIMPUU NAKH, it crumbles to dust.
It is a scroll of identify.
Identify which item? (\ to view known items) (? for menu, Esc to quit)
f - a scroll of enchant weapon Read which item? (? for menu, Esc to quit)
As you read the scroll labeled LETTESH RAEBAU, it crumbles to dust.
You hear a loud clanging noise!
It was a scroll of noise.
You die...

# ##########.##)#...'....# #
#_# ###.##.#...#....# ########
#.# #.#.##.#####(...#
.......###.###.#.##..........#
########≈...≈#...##..........#
##.....#≈...≈##..##..........#
.......#≈...≈#.......###)###.#
##.....#≈...≈##..##### #.###.#
..÷....#≈...≈#..@....# #...#.#
##.....#≈...≈#.......#
#...#.####
#.....#≈...≈#.......#
#...#.....
#.....#≈...≈#.......#
#<..######
#.....###.###.......# #...#
####### #.# #.......#
#...###### # #.# #.......#
#......... #
######.###.......# ###.......
#####..........#######
#.......


There were no monsters in sight!

Vanquished Creatures
  3 adders (D:2)
  An ooze (D:1)
  A worm (D:2)
  A dart slug (D:1)
  5 giant geckos
  A bat zombie (D:2)
  A giant cockroach (D:1)
  7 goblins (D:2)
  3 hobgoblins (D:2)
  A quokka (D:2)
  5 bats
  4 kobolds
  9 rats
  2 rat zombies (D:2)
44 creatures vanquished.

Notes
Turn   | Place    | Note
--------------------------------------------------------------
     0 | D:1      | Jerry the Demigod Earth Elementalist began the quest for the Orb.
     0 | D:1      | Reached XP level 1. HP: 14/14 MP: 5/5
    58 | D:1      | Reached skill level 3 in Earth Magic
   387 | D:1      | Reached XP level 2. HP: 20/20 MP: 4/7
   902 | D:2      | Found a blossoming altar of Fedhas.
  1048 | D:2      | Reached skill level 4 in Earth Magic
  1048 | D:2      | Reached XP level 3. HP: 25/26 MP: 3/8
  1221 | D:2      | Found an ancient bone altar of Kikubaaqudgha.
  1248 | D:2      | Found a sacrificial altar of Ru.
  1769 | D:2      | Learned a level 3 spell: Stone Arrow
  2113 | D:2      | HP: 1/26 [poisoned by an adder]
  2114 | D:2      | Reached skill level 1 in Conjurations
  2114 | D:2      | Reached XP level 4. HP: 2/33 MP: 9/9
  2117 | D:2      | Succumbed to an adder's poison

Skill      XL: |  1  2  3 |
---------------+----------+-----
Earth Magic    | 3 4 |  4.4
Conjurations   | 1 |  1.0
Dodging        | |  1.7
Stealth        | |  1.7
Spellcasting   | |  1.7
Transmutations | |  0.8

Action                   |  1- 3 |  4- 6 || total
-------------------------+-------+-------++-------
Melee: Falchion          |    48 |     1 ||    49
Throw: Stone             |    62 |       ||    62
 Cast: Sandblast         |    61 |       ||    61
  Use: Potion            |     1 |       ||     1
       Scroll            |       |     2 ||     2
  Eat: Chunk             |     5 |       ||     5
Armor: Robe              |    15 |       ||    15
Dodge: Dodged            |    68 |     1 ||    69
